 Dungeon Crawl Stone Soup version 0.22.0-60-ga52c2fcf6e (webtiles) character file.

460 JedernureinKreuz the Conjurer (level 7, -7/50 HPs)
             Began as a Gnoll Conjurer on Sept 9, 2018.
             Mangled by Grinder (11 damage)
             ... on level 4 of the Dungeon.
             The game lasted 00:11:25 (2771 turns).

JedernureinKreuz the Conjurer (Gnoll Conjurer)      Turns: 2771, Time: 00:11:25

Health: -7/50      AC:  2    Str: 10    XL:     7   Next: 7%
Magic:  1/15       EV: 15    Int: 19    God:
Gold:   94         SH:  0    Dex: 16    Spells: 16/17 levels left

rFire    . . .     SeeInvis .   a - +2 dagger (protect)
rCold    . . .     Gourm    .   (no shield)
rNeg     . . .     Faith    .   g - +0 robe
rPois    .         Spirit   .   (no helmet)
rElec    .         Reflect  .   m - scarf {repulsion}
rCorr    .         Harm     .   (no gloves)
MR       .....                  (no boots)
Stlth    +++.......             (no amulet)
HPRegen  0.16/turn              (no ring)
MPRegen  0.14/turn              (no ring)

@: repel missiles
A: distributed training, fangs 1, strong nose
a: no special abilities


You were on level 4 of the Dungeon.
You were not hungry.

You visited 1 branch of the dungeon, and saw 4 of its levels.

You collected 94 gold pieces.

Inventory:

Hand Weapons
 a - a +2 dagger of protection (weapon)
 b - a +2 short sword of venom
 i - a +0 hunting sling
 v - a +0 vampiric dagger
Missiles
 e - 13 bolts
 f - 23 arrows
 o - 177 stones (quivered)
 q - 30 sling bullets
 x - 14 poisoned needles
Armour
 g - a +0 robe (worn)
 m - a scarf of repulsion (worn)
Jewellery
 s - a +4 ring of intelligence {unknown}
 w - a cursed amulet of inaccuracy {unknown}
Wands
 d - a wand of polymorph (5)
Scrolls
 j - 2 scrolls of remove curse {unknown}
 k - 6 scrolls of identify {unknown}
 l - 3 scrolls of teleportation {unknown}
 p - a scroll of amnesia {unknown}
 t - a scroll of enchant weapon {unknown}
 u - a scroll of fear {unknown}
 y - a scroll of noise {unknown}
Potions
 h - 4 potions of resistance {unknown}
 n - 3 potions of heal wounds {unknown}
 r - a potion of haste {unknown}
 z - a potion of curing {unknown}
 B - a potion of flight {unknown}
Comestibles
 c - 7 rations
 A - 3 chunks of flesh


   Skills:
 + Level 2.2 Fighting
 + Level 2.2 Short Blades
 + Level 2.2 Long Blades
 + Level 2.2 Axes
 + Level 2.2 Maces & Flails
 + Level 2.2 Polearms
 + Level 2.2 Staves
 + Level 2.2 Slings
 + Level 2.2 Bows
 + Level 2.2 Crossbows
 + Level 2.2 Throwing
 + Level 2.2 Armour
 + Level 5.1 Dodging
 + Level 4.7 Stealth
 + Level 2.2 Shields
 + Level 2.2 Unarmed Combat
 + Level 5.5 Spellcasting
 + Level 7.3 Conjurations
 + Level 1.8 Hexes
 + Level 1.8 Charms
 + Level 1.8 Summonings
 + Level 1.8 Necromancy
 + Level 1.8 Translocations
 + Level 1.8 Transmutations
 + Level 1.8 Fire Magic
 + Level 1.8 Ice Magic
 + Level 1.8 Air Magic
 + Level 1.8 Earth Magic
 + Level 1.8 Poison Magic
 + Level 2.4 Invocations
 + Level 2.2 Evocations


You had 16 spell levels left.
You knew the following spells:

 Your Spells              Type           Power        Failure   Level  Hunger
a - Magic Dart            Conj           ####         1%          1    None

Your spell library contained the following spells:

 Spells                   Type           Power        Failure   Level  Hunger
 Searing Ray              Conj           ####..       1%          2    None
 Dazzling Spray           Conj/Hex       ###...       5%          3    ##.....
 Iskenderun's Mystic Bla  Conj           ####....     6%          4    ####...
 Force Lance              Conj/Tloc      ###.....     19%         4    ####...
 Fulminant Prism          Conj/Hex       ###.......   19%         4    ####...


Dungeon Overview and Level Annotations

Branches:
Dungeon (4/15)
 Temple: D:4-7

Altars:
Qazlal
Yredelemnul
The Shining One

Shops:
D:4 (

Annotations:
D:4 3 runed doors, Grinder; JedernureinKreuz's ghost, novice GnCj


Innate Abilities, Weirdness & Mutations

Your experience applies equally to all skills.
You have very sharp teeth.
Your uncanny sense of smell can sniff out nearby items.


Message History

* * * LOW HITPOINT WARNING * * *
You writhe in agony.
* * * LOW HITPOINT WARNING * * *
Casting: Magic Dart (safe; 1% risk of failure)
Confirm with . or Enter, or press ? or * to list all spells.
Aiming: Magic Dart (safe; 1% risk of failure)
Press: ? - help, Shift-Dir - straight line, f/p - Grinder
Aim: Grinder (severely wounded)
The magic dart hits Grinder.
Grinder is severely wounded.
Grinder barely misses you.
Casting: Magic Dart (safe; 1% risk of failure)
Confirm with . or Enter, or press ? or * to list all spells.
Aiming: Magic Dart (safe; 1% risk of failure)
Press: ? - help, Shift-Dir - straight line, f/p - Grinder
Aim: Grinder (severely wounded)
The magic dart hits Grinder.
Grinder is severely wounded.
Grinder hits you!
You die...

#.#..............#.#
#.#.........######.#
#.#<#.#.#...# #.#
#.#.#.#.#...# #.#
##.#.........# #.#
#####....#.#.#.#.# #.#
#...≈≈≈..#.#.#.#.# #.#
#.#≈≈≈≈≈5#.#.....# #.#
#≈≈∩≈≈@.....##########.
#≈≈.≈≈.#.##.#..#W#..###
##≈.≈..#.# #..$?.## #
##!..## # .......###
##### ##.....###.
#......Z#.# ###+++###.#
#.......### ##.........


You could see Grinder.

Vanquished Creatures
  Sigmund (D:4)
  A scorpion (D:4)
  A hound (D:4)
  Natasha (thrice) (D:2)
  A worker ant (D:4)
  6 adders
  A worm (D:3)
  A dart slug (D:3)
  3 leopard geckos
  3 orcs
  2 giant cockroaches
  8 goblins
  6 hobgoblins
  2 jackals (D:2)
  A ball python (D:2)
  7 bats
  5 frilled lizards
  8 kobolds
  6 rats
66 creatures vanquished.

Vanquished Creatures (others)
  A centaur skeleton (D:4)
1 creature vanquished.

Grand Total: 67 creatures vanquished

Notes
Turn   | Place    | Note
-------+----------+-------------------------------------------
     0 | D:1      | JedernureinKreuz the Gnoll Conjurer began the quest for the
                  | Orb.
     0 | D:1      | Reached XP level 1. HP: 13/13 MP: 6/6
   125 | D:1      | Reached XP level 2. HP: 19/19 MP: 3/7
   583 | D:2      | Noticed Natasha
   586 | D:2      | Killed Natasha
   586 | D:2      | Reached skill level 5 in Spellcasting
   586 | D:2      | Reached skill level 1 in Invocations
   586 | D:2      | Reached XP level 3. HP: 25/25 MP: 4/9
   616 | D:2      | Noticed Natasha
   672 | D:2      | Reached skill level 1 in Fighting
   672 | D:2      | Reached skill level 1 in Short Blades
   672 | D:2      | Reached skill level 1 in Long Blades
   672 | D:2      | Reached skill level 1 in Axes
   672 | D:2      | Reached skill level 1 in Maces & Flails
   672 | D:2      | Reached skill level 1 in Polearms
   672 | D:2      | Reached skill level 1 in Staves
   672 | D:2      | Reached skill level 1 in Slings
   672 | D:2      | Reached skill level 1 in Bows
   672 | D:2      | Reached skill level 1 in Crossbows
   672 | D:2      | Reached skill level 1 in Throwing
   672 | D:2      | Reached skill level 1 in Armour
   672 | D:2      | Reached skill level 1 in Shields
   672 | D:2      | Reached skill level 1 in Unarmed Combat
   672 | D:2      | Reached skill level 1 in Evocations
   715 | D:2      | Killed Natasha
   715 | D:2      | Reached XP level 4. HP: 27/32 MP: 6/11
   806 | D:2      | Noticed Natasha
   814 | D:2      | Killed Natasha
   814 | D:2      | Reached skill level 1 in Hexes
   814 | D:2      | Reached skill level 1 in Charms
   814 | D:2      | Reached skill level 1 in Summonings
   814 | D:2      | Reached skill level 1 in Necromancy
   814 | D:2      | Reached skill level 1 in Translocations
   814 | D:2      | Reached skill level 1 in Transmutations
   814 | D:2      | Reached skill level 1 in Fire Magic
   814 | D:2      | Reached skill level 1 in Ice Magic
   814 | D:2      | Reached skill level 1 in Air Magic
   814 | D:2      | Reached skill level 1 in Earth Magic
   814 | D:2      | Reached skill level 1 in Poison Magic
  1113 | D:2      | Reached XP level 5. HP: 37/37 MP: 7/12
  1295 | D:2      | Found a stormy altar of Qazlal.
  2254 | D:4      | Found a glowing golden altar of the Shining One.
  2263 | D:4      | Reached XP level 6. HP: 44/44 MP: 3/13
  2427 | D:4      | Found a runed gate.
  2429 | D:4      | Found a runed gate.
  2430 | D:4      | Found a runed gate.
  2433 | D:4      | Noticed JedernureinKreuz's ghost (novice GnCj)
  2523 | D:4      | Noticed Sigmund
  2612 | D:4      | Killed Sigmund
  2612 | D:4      | Reached skill level 5 in Dodging
  2612 | D:4      | Reached XP level 7. HP: 50/50 MP: 8/15
  2723 | D:4      | Found a basalt altar of Yredelemnul.
  2726 | D:4      | Noticed a profane servitor
  2745 | D:4      | Found Voato's Weapon Shoppe.
  2755 | D:4      | Noticed Grinder
  2763 | D:4      | Paralysed by Grinder for 3 turns
  2771 | D:4      | Mangled by Grinder

Skill      XL: |  1  2  3  4  5  6 |
---------------+-------------------+-----
Spellcasting   | 5 |  5.5
Invocations    | 1 2 |  2.4
Fighting       | 1 2 |  2.2
Short Blades   | 1 2 |  2.2
Long Blades    | 1 2 |  2.2
Axes           | 1 2 |  2.2
Maces & Flails | 1 2 |  2.2
Polearms       | 1 2 |  2.2
Staves         | 1 2 |  2.2
Slings         | 1 2 |  2.2
Bows           | 1 2 |  2.2
Crossbows      | 1 2 |  2.2
Throwing       | 1 2 |  2.2
Armour         | 1 2 |  2.2
Shields        | 1 2 |  2.2
Unarmed Combat | 1 2 |  2.2
Evocations     | 1 2 |  2.2
Hexes          | 1 |  1.8
Charms         | 1 |  1.8
Summonings     | 1 |  1.8
Necromancy     | 1 |  1.8
Translocations | 1 |  1.8
Transmutations | 1 |  1.8
Fire Magic     | 1 |  1.8
Ice Magic      | 1 |  1.8
Air Magic      | 1 |  1.8
Earth Magic    | 1 |  1.8
Poison Magic   | 1 |  1.8
Dodging        | 5 |  5.1
Stealth        | |  4.7
Conjurations   | |  7.3

Action                   |  1- 3 |  4- 6 |  7- 9 || total
-------------------------+-------+-------+-------++-------
Melee: Unarmed           |     2 |       |       ||     2
       Dagger            |       |     7 |       ||     7
 Cast: Magic Dart        |    42 |   108 |    18 ||   168
  Eat: Chunk             |       |     5 |       ||     5
Armor: Robe              |     2 |     1 |       ||     3
       Skin              |       |     1 |       ||     1
Dodge: Dodged            |     7 |    16 |     2 ||    25
